 Dungeon Crawl Stone Soup version 0.31-a0-145-g046c7d2549 (webtiles) character file.

Game seed: 16135495403101496692

37 jlumianski the Stinger (level 3, -10/26 HPs)
             Began as a Djinni Fire Elementalist on June 5, 2023.
             Killed by divine providence
             ... invoked by an orc priest
              (12 damage)
             ... on level 2 of the Dungeon.
             The game lasted 00:05:49 (1405 turns).

jlumianski the Stinger (Djinni Fire Elementalist)   Turns: 1405, Time: 00:05:50

Health: -10/26     AC:  2    Str:  7    XL:     3   Next: 62%
Gold:   37         EV: 12    Int: 18    God:
                   SH:  0    Dex: 13

rFire   + + .        k - +3 dagger (protect)
rCold   x . .        (no shield)
rNeg    . . .        a - +0 robe
rPois   ∞            (no helmet)
rElec   .            (no cloak)
rCorr   .            (no gloves)
SInv    .            (boots unavailable)
Will    .....        (no amulet)
Stlth   ++           (no ring)
HPRegen 0.24/turn    (no ring)
MPRegen 0.00/turn

%: infuse magic (-11 HP)
@: flying
A: sickness immunity, fire resistance 2, cold vulnerability 1, float, innate
caster, HP casting, extra vitality 1
a: no special abilities


You were on level 2 of the Dungeon.
You visited 1 branch of the dungeon, and saw 3 of its levels.

You collected 37 gold pieces.

Inventory:

Hand Weapons
 c - a +0 short sword
 k - a +3 dagger of protection (weapon)
Missiles
 d - 49 stones
Armour
 a - a +0 robe (worn)
Scrolls
 e - 2 scrolls of enchant armour {unknown}
 f - a scroll of teleportation {unknown}
 g - a scroll of noise {unknown}
 i - a scroll of brand weapon {unknown}
 j - a scroll of immolation {unknown}
Potions
 b - a potion of cancellation {unknown}
 h - a potion of enlightenment {unknown}
 l - a potion of brilliance {unknown}


   Skills:
 + Level 0.3 Fighting
 + Level 0.6 Short Blades
 + Level 3.0 Dodging
 + Level 2.4 Stealth
 + Level 3.0 Spellcasting
 + Level 3.0 Conjurations
 + Level 3.0 Hexes
 + Level 3.0 Summonings
 + Level 3.0 Necromancy
 + Level 3.0 Translocations
 + Level 3.0 Transmutations
 + Level 3.0 Fire Magic
 + Level 3.0 Ice Magic
 + Level 3.0 Air Magic
 + Level 3.0 Earth Magic
 + Level 3.0 Poison Magic


You knew the following spells:

 Your Spells              Type           Power      Damage    Failure   Level
a - Foxfire               Conj/Fire      52%        2x1d6     4%          1
b - Scorch                Fire           26%        2d6       7%          2
c - Volatile Blastmotes   Fire/Tloc      26%        2d12      14%         3
d - Inner Flame           Hex/Fire       13%        N/A       14%         3
e - Flame Wave            Conj/Fire      13%        2d6       43%         4
f - Freeze                Ice            52%        1d6       4%          1
Your spell library was empty.

Dungeon Overview and Level Annotations

Branches:
Dungeon (3/15)

Altars:

Annotations:
D:2 Sigmund


Innate Abilities, Weirdness & Mutations

You are immune to sickness and miasma.
You are immune to poison.
Your flesh is very heat resistant. (rF++)
You are vulnerable to cold. (rC-)
You float through the air rather than walking.
You learn spells naturally, not from books.
Your magical power is your life essence.
You have superior vitality. (+4 MHP)


Message History

Confirm with . or Enter, or press ? or * to list all spells.
You conjure some foxfire!
A kobold comes into view. It is wielding a +0 whip.
Found a dark potion and a scroll labelled WOFOW XUNIS.
The kobold shouts!
You hear a shout!
The foxfire hits the ball python.
The ball python is moderately wounded.
The foxfire hits the ball python.
You kill the ball python!
An orc comes into view. It is wielding a +0 short sword.
An orc priest comes into view. It is wielding a +0 trident.
The orc moves out of view.
Casting: Foxfire (safe; 4% risk of failure)
Confirm with . or Enter, or press ? or * to list all spells.
You conjure some foxfire!
The foxfire hits the kobold.
You kill the kobold!
The foxfire hits the orc priest but does no damage.
The orc priest begins to cast a cantrip, but forgets the words!
Casting: Foxfire (safe; 4% risk of failure)
Confirm with . or Enter, or press ? or * to list all spells.
You conjure some foxfire!
The orc priest calls down the wrath of Beogh upon you.
Beogh smites you!
The foxfire hits the orc priest.
The orc priest is lightly wounded.
The foxfire hits the orc priest.
The orc priest is moderately wounded.
The orc priest calls down the wrath of Beogh upon you.
Beogh smites you!
Ouch! That really hurt!
* * * LOW HITPOINT WARNING * * *
Okay, then.
Unknown command.
Okay, then.
A jackal comes into view.
The orc priest casts a cantrip, but nothing happens.
The orc priest mumbles some strange prayers to Beogh against you.
Beogh smites you!
You die...

.... .........# #..... ..##
...h...........#### #..... ..#
...h..............##..... ##.# ..
.........# #..#..#.. ...##
#.###.......# #.#..### ....##
#..##.......# ###....... .....#
#.##.......# #......##.
.....######.....†....###.........
........##...#..@......o......###
.....##.##......††)...........##
.....##.###...##########.......##
.....##...###.# ##..........
....#####)....## #...........
...## ####...#### #...........
#### ##..†..# #...........
#.....#####.........#
####....####...#...##


You could see an orc priest.

Vanquished Creatures
  A dart slug (D:1)
  2 ball pythons
  7 bats
  2 endoplasms (D:1)
  A giant cockroach (D:1)
  A goblin (D:2)
  2 hobgoblins
  3 jackals (D:1)
  2 quokkas (D:2)
  2 frilled lizards
  6 kobolds
  5 rats
34 creatures vanquished.

Vanquished Creatures (others)
  50 foxfires
50 creatures vanquished.

Grand Total: 84 creatures vanquished

Notes
Turn   | Place    | Note
-------+----------+-------------------------------------------
     0 | D:1      | jlumianski the Djinni Fire Elementalist began the quest for
                  | the Orb.
     0 | D:1      | jlumianski set off with the following spells memorised:
                  | Foxfire, Scorch, Volatile Blastmotes, Inner Flame, Flame
                  | Wave.
     0 | D:1      | Reached XP level 1. HP: 15/15 MP: 0/0
   201 | D:1      | Reached XP level 2. HP: 20/21 MP: 0/0
   706 | D:1      | Reached XP level 3. HP: 22/25 MP: 0/0
   706 | D:1      | Learned a level 1 spell: Freeze
  1055 | D:2      | Noticed Sigmund
  1402 | D:2      | HP: 1/26 [orc priest/divine providence (14)]
  1405 | D:2      | Killed from afar by an orc priest

Illustrated notes

Levels and vault maps discovered:
D:1:      dpeg_arrival_solitude, layout_basic, minmay_misc_feat_tower
D:2:      cheibrodos_greedy_goblins, layout_rooms, uniq_sigmund
D:3:      kennysheep_slugbush, layout_rooms, serial_shops,
          nicolae_shop_tiny_real_fake_doors, shop, shop,
          shapermc_ecumenical_altar_mp_vishouse, uniq_natasha

Skill      XL: |  1  2  3 |
---------------+----------+-----
Spellcasting   | |  3.0
Conjurations   | |  3.0
Hexes          | |  3.0
Summonings     | |  3.0
Necromancy     | |  3.0
Translocations | |  3.0
Transmutations | |  3.0
Fire Magic     | |  3.0
Ice Magic      | |  3.0
Air Magic      | |  3.0
Earth Magic    | |  3.0
Poison Magic   | |  3.0
Stealth        | 2 |  2.4
Dodging        | 3 |  3.0
Fighting       | |  0.3
Short Blades   | |  0.6

Action                     || total
---------------------------++-------
  Melee: Short sword       ||    29
         Dagger            ||     5
   Cast: Foxfire           ||    32
   Stab: Sleeping          ||     3
 Armour: Robe              ||    13
  Dodge: Dodged            ||    37

Table legend: (Time is in decaauts)
 A = Elapsed time spent in this place.
 B = Non-inter-level travel time spent in this place.
 C = Inter-level travel time spent in this place.
 D = Time resting spent in this place.
 E = Time spent auto-exploring this place.
 F = Levels seen in this place.
 G = Mean time per level.
                   A        B        C        D        E       F      G
               +--------+--------+--------+--------+--------+-----+--------+
         Total |   1406 |   1374 |     32 |     43 |    829 |   3 |  468.7 |
       Dungeon |   1406 |   1374 |     32 |     43 |    829 |   3 |  468.7 |
               +--------+--------+--------+--------+--------+-----+--------+

Top non-repeatable levels by time:
     D:1: 1018 daAuts
     D:2: 376 daAuts
     D:3: 11 daAuts
